 Dungeon Crawl Stone Soup version 0.22-b1-21-g5cfc1688f2 (webtiles) character file.

49 Kirk the Chopper (level 3, 0/40 HPs)
             Began as a Demonspawn Gladiator on Aug 5, 2018.
             Succumbed to an adder's poison
             ... on level 2 of the Dungeon.
             The game lasted 00:01:55 (1043 turns).

Kirk the Chopper (Demonspawn Gladiator)             Turns: 1043, Time: 00:01:56

Health: 0/40       AC: 21    Str: 15    XL:     3   Next: 51%
Magic:  3/3        EV:  2    Int:  9    God:
Gold:   76         SH:  0    Dex: 14    Spells: 2/2 levels left

rFire    . . .     SeeInvis .   a - +0 war axe
rCold    . . .     Gourm    .   (no shield)
rNeg     + + +     Faith    .   (armour currently unavailable)
rPois    +         Spirit   .   (helmet currently unavailable)
rElec    .         Reflect  .   (cloak currently unavailable)
rCorr    .         Harm     .   (gloves currently unavailable)
MR       .....     NoTele   +   (boots currently unavailable)
Stlth    +.........             (no amulet)
HPRegen  0.13/turn              (no ring)
MPRegen  0.08/turn              (no ring)

@: lethally poisoned (0 -> -5), tree-form, berserk cooldown, very slightly
contaminated, slowed, invisible, very slow
A: demonic guardian 1
a: no special abilities


You were on level 2 of the Dungeon.
You were not hungry.
You were a tree.
You visited 1 branch of the dungeon, and saw 2 of its levels.

You collected 76 gold pieces.

Inventory:

Hand Weapons
 a - a +0 war axe (weapon)
Missiles
 d - 3 throwing nets (quivered)
Armour
 b - a +0 leather armour (melded)
 c - a +0 helmet
 j - a +0 scale mail
Scrolls
 e - 2 scrolls of identify {unknown}
 k - a scroll of enchant armour {unknown}
Comestibles
 f - 2 rations


   Skills:
 + Level 2.3 Fighting
 * Level 4.0 Axes
 - Level 1.7 Throwing
 - Level 2.6 Dodging


You had 2 spell levels left.
You didn't know any spells.
Your spell library was empty.

Dungeon Overview and Level Annotations

Branches:
Dungeon (2/15)

Altars:
Nemelex Xobeh


Innate Abilities, Weirdness & Mutations

((You have a pair of small horns on your head.))
A weak demonic guardian rushes to your aid.


Message History

You feel sick.
You feel your anger nearly subside.
You are no longer berserk.
You are exhausted.
You feel yourself slow down.
It was a potion of invisibility.
You fade into invisibility!
* * * LOW HITPOINT WARNING * * *
You feel sick.
You are very lightly contaminated with residual magic.
It was a potion of lignification.
You turn into a tree.
Your +0 leather armour melds into your body.
Your roots penetrate the ground.
* * * LOW HITPOINT WARNING * * *
You feel sick.
There is a lethal amount of poison in your body!
* * * LOW HITPOINT WARNING * * *
You feel sick.
* * * LOW HITPOINT WARNING * * *
You feel sick.
You die...

#..# #..# #..#
#.#####.†######.
#........†...(..
###.##.##.......#.
..........†###.##
.......###5####.#.
.#..)..♣.......
##.###.######. #.#
#.# ##.###.## .#
##...#.#.#####..#
#.....###.......#
##..<## ##.....##
##.#.###.######
####.#.##


You could see a friendly ufetubus.

Vanquished Creatures
  2 adders (D:2)
  2 oozes (D:1)
  A leopard gecko (D:1)
  A giant cockroach (D:1)
  2 goblins (D:1)
  A hobgoblin (D:1)
  4 jackals (D:1)
  4 bats
  A frilled lizard (D:1)
  4 kobolds (D:1)
  3 rats
25 creatures vanquished.

Vanquished Creatures (others)
  4 toadstools (D:1)
4 creatures vanquished.

Grand Total: 29 creatures vanquished

Notes
Turn   | Place    | Note
-------+----------+-------------------------------------------
     0 | D:1      | Kirk the Demonspawn Gladiator began the quest for the Orb.
     0 | D:1      | Reached XP level 1. HP: 16/16 MP: 1/1
    59 | D:1      | Reached skill level 3 in Axes
    59 | D:1      | Gained mutation: You have a pair of small horns on your head. [demonic ancestry]
    59 | D:1      | Reached XP level 2. HP: 8/22 MP: 2/2
   772 | D:1      | Found a sparkling altar of Nemelex Xobeh.
   918 | D:1      | Gained mutation: A weak demonic guardian rushes to your aid. [demonic ancestry]
   918 | D:1      | Reached XP level 3. HP: 23/27 MP: 3/3
  1034 | D:2      | Reached skill level 4 in Axes
  1041 | D:2      | HP: 2/40 [poisoned by an adder]
  1043 | D:2      | Succumbed to an adder's poison

Skill      XL: |  1  2  3 |
---------------+----------+-----
Axes           | 3 4 |  4.0
Fighting       | |  2.3
Throwing       | |  1.7
Dodging        | |  2.6

Action                   || total
-------------------------++-------
Melee: War axe           ||    55
       Headbutt          ||     6
  Use: Potion            ||     3
 Stab: Sleeping          ||     2
Armor: Leather armour    ||    13
Dodge: Dodged            ||    44
